 Dungeon Crawl Stone Soup version 0.17-a0-1887-g3e50df6 (webtiles) character file.

745 dpvblackbelt the Archer (level 7, 0/52 HPs)
             Began as a Centaur Arcane Marksman on Sept 24, 2015.
             Was an Initiate of Okawaru.
             Slain by a black bear (5 damage)
             ... on level 5 of the Dungeon.
             The game lasted 00:09:08 (4545 turns).

dpvblackbelt the Archer (Centaur Arcane Marksman)   Turns: 4545, Time: 00:09:08

Health: 0/52       AC:  4    Str: 13    XL:     7   Next: 47%
Magic:  8/8        EV:  9    Int: 12    God:    Okawaru [......]
Gold:   169        SH:  0    Dex: 11    Spells: 3 memorised, 2 levels left

rFire  . . .     SeeInvis .     a - +0 shortbow
rCold  . . .     Clarity  .     e - +0 robe (curse)
rNeg   . . .     SustAt   .     (no shield)
rPois  .         Gourm    .     (no helmet)
rElec  .         Spirit   .     (no cloak)
rCorr  .         Warding  .     (no gloves)
rMut   .         Stasis   .     (no barding)
MR     .....                    (no amulet)
Stlth  +.........               (no ring)
                                g - ring of flight {+Fly, !d}

@: very quick, not resistant to hostile enchantments, very unstealthy
A: hooves 3, deformed body, speed 2, tough skin 3
a: Renounce Religion, Evoke Flight


You were on level 5 of the Dungeon.
You worshipped Okawaru.
Okawaru was noncommittal.
You were near starving.

You visited 2 branches of the dungeon, and saw 6 of its levels.

You collected 169 gold pieces.

Inventory:

Hand weapons
 a - a +0 shortbow (weapon)
 b - a +2 dagger of draining
   (You took it off a goblin on level 1 of the Dungeon)
Missiles
 f - 80 arrows (quivered)
Armour
 c - a +0 robe
 e - a cursed +0 robe (worn)
   (You found it on level 2 of the Dungeon)
Jewellery
 g - a ring of flight (left hand) {+Fly, !d}
   (You found it on level 1 of the Dungeon)
Magical devices
 r - a wand of flame (20)
   (You found it on level 2 of the Dungeon)
Scrolls
 i - 2 scrolls of blinking {unknown}
 j - 3 scrolls of amnesia {unknown}
 k - 6 scrolls of identify {unknown}
 l - 6 scrolls of teleportation {unknown}
 n - 3 scrolls of enchant weapon {unknown}
 q - 2 scrolls of remove curse {unknown}
 s - 3 scrolls of fog {unknown}
 u - a scroll of fear {unknown}
 v - a scroll of random uselessness {unknown}
 w - 2 scrolls of recharging {unknown}
 x - a scroll of enchant armour {unknown}
 y - a scroll of noise {unknown}
Potions
 o - a potion of curing {unknown}
 z - a potion of haste {unknown}
Books
 d - a book of Debilitation
Comestibles
 h - 2 meat rations {@e2@e2}
 m - a royal jelly
 p - 2 bread rations {@e1@e1}
 t - a beef jerky


   Skills:
 - Level 1.0 Fighting
 + Level 11.0 Bows
 - Level 1.3 Dodging
 - Level 1.0 Spellcasting
 - Level 2.6 Hexes


You had 2 spell levels left.
You knew the following spells:

 Your Spells              Type           Power        Failure   Level  Hunger
a - Gell's Gravitas       Hex/Tloc       #.........   56%         3    ####...
s - Slow                  Hex            #.......     17%         2    ###....
v - Corona                Hex            #......      12%         1    ##.....


Dungeon Overview and Level Annotations

Branches:
Dungeon (5/15)             Temple (1/1) D:4

Altars:
Ashenzari
Elyvilon
Gozag
Makhleb
Nemelex Xobeh
Okawaru
Ru
Sif Muna
Trog
Vehumet
Zin
The Shining One


Innate Abilities, Weirdness & Mutations

You have hooves in place of feet.
Armour fits poorly on your strangely shaped body.
You cover ground very quickly.
You have extremely tough skin (AC +3).


Message History

You are too injured to fight recklessly!
You are too injured to fight recklessly!
You are too injured to fight recklessly!
Aim: a centaur, wielding a shortbow (almost dead)
You shoot an arrow. The arrow hits the centaur!
You kill the centaur!
Okawaru accepts your kill.
Okay, then.
Unknown command.
f - 76 arrows (gained 6)
You feel sick.
You take 1 damage, and have 24/52 hp.
f - 90 arrows (gained 14)
You see here a shortbow.
A - a shortbow You feel sick.
You are no longer poisoned.
You take 1 damage, and have 24/52 hp.
There is a stone staircase leading up here.
Drop what? 27/52 slots (_ for help) (? for menu, Esc to quit)
You drop a shortbow.
You start resting.
You are near starving!
You regained 22 hp, and now have 47/52 hp.
You see here a flail.
An iguana comes into view.
Health restored: 52 An iguana is nearby!
An iguana is nearby!
An iguana is nearby!
An iguana is nearby!
Aim: an iguana You shoot an arrow.
The arrow hits the iguana.
Aim: an iguana (moderately wounded)
You shoot an arrow. The arrow hits the iguana.
No target in view!
No target in view!
No target in view!
No target in view!
An iguana is nearby!
An iguana is nearby!
An iguana is nearby!
An iguana is nearby!
Aim: an iguana (severely wounded)
You shoot an arrow. The arrow hits the iguana.
Aim: an iguana (almost dead)
You shoot an arrow. The arrow hits the iguana.
You kill the iguana!
Okawaru accepts your kill.
Your Bows skill increases to level 11!
No target in view!
No target in view!
No target in view!
f - 88 arrows (gained 2)
You see here an iguana corpse.
f - 89 arrows (gained 1)
f - 90 arrows (gained 1)
A black bear comes into view.
A black bear is nearby!
Aim: a black bear You shoot an arrow.
The arrow closely misses the black bear.
Aim: a black bear You shoot an arrow.
The arrow hits the black bear!
Aim: a black bear (heavily wounded)
You shoot an arrow.
The arrow hits the black bear but does no damage.
Aim: a black bear (heavily wounded)
You shoot an arrow. The arrow hits the black bear!
Aim: a black bear (severely wounded)
You shoot an arrow.
The arrow completely misses the black bear.
Aim: a black bear (severely wounded)
You shoot an arrow. The arrow barely misses the black bear.
Aim: a black bear (severely wounded)
You shoot an arrow. The arrow hits the black bear.
Aim: a black bear (almost dead)
You shoot an arrow. The arrow barely misses the black bear.
The black bear goes berserk!
Aim: a black bear (severely wounded, berserk, fast, unusually strong)
You shoot an arrow. The arrow hits the black bear.
The black bear bites you. The black bear claws you. x2
You take 12 damage, and have 40/52 hp.
MASSIVE DAMAGE!!
Aim: a black bear (almost dead, berserk, fast, unusually strong)
You shoot an arrow. The arrow barely misses the black bear.
The black bear bites you. The black bear claws you. The black bear claws you.
You take 11 damage, and have 29/52 hp.
MASSIVE DAMAGE!!
The black bear rages.
The black bear bites you! The black bear claws you.
* * * LOW HITPOINT WARNING * * *
The black bear barely misses you.
You take 14 damage, and have 15/52 hp.
MASSIVE DAMAGE!!
The black bear rages.
The black bear bites you!
* * * LOW HITPOINT WARNING * * *
The black bear closely misses you. The black bear claws you.
You die...

#........#
#........#
#...†....#
#...#.####
#...#.#####
#####.....#
###########.#
#......# #.#######
#......# #....h@.#
#......# #######.#
#......# #.#
#......# #.#
#......# #.#
#......##########.#
#............)....#
#......############
#......#


You could see a black bear (berserk).

Vanquished Creatures
  2 ogres (D:4)
  A centaur (D:5)
  An orc priest (D:3)
  A centaur skeleton (D:4)
  A hound (D:3)
  An orc wizard (D:3)
  3 iguanas
  2 worker ants (D:4)
  A killer bee zombie (D:4)
  A hound skeleton (D:4)
  5 gnolls
  8 adders
  4 worms (D:2)
  3 giant geckos
  8 orcs
  6 giant cockroaches
  12 hobgoblins
  10 jackals
  5 bats
  A giant gecko skeleton (D:4)
  A giant newt (D:1)
  8 goblins
  A jackal skeleton (D:4)
  8 kobolds
  3 rats (D:1)
97 creatures vanquished.

Notes
Turn   | Place    | Note
--------------------------------------------------------------
     0 | D:1      | dpvblackbelt the Centaur Arcane Marksman began the quest for the Orb.
     0 | D:1      | Reached XP level 1. HP: 16/16 MP: 2/2
    37 | D:1      | Reached skill level 3 in Bows
    69 | D:1      | Reached skill level 4 in Bows
    69 | D:1      | Reached XP level 2. HP: 11/23 MP: 3/3
    73 | D:1      | HP: 4/23 [hobgoblin/club (5)]
   611 | D:1      | Reached XP level 3. HP: 25/28 MP: 4/4
   634 | D:1      | Reached skill level 5 in Bows
  1588 | D:2      | Reached XP level 4. HP: 18/35 MP: 5/5
  1874 | D:2      | Reached skill level 6 in Bows
  2035 | D:2      | HP: 4/35 [gnoll (7)]
  2055 | D:2      | Reached XP level 5. HP: 8/40 MP: 6/6
  2072 | D:2      | Reached skill level 7 in Bows
  2557 | D:3      | Learned a level 2 spell: Slow
  2566 | D:3      | Learned a level 3 spell: Gell's Gravitas
  2583 | D:3      | Reached skill level 8 in Bows
  2636 | D:3      | Found an opulent altar of Gozag.
  2920 | D:3      | Reached XP level 6. HP: 47/47 MP: 7/7
  3162 | D:4      | Reached skill level 9 in Bows
  3362 | D:4      | Reached skill level 10 in Bows
  3362 | D:4      | Reached XP level 7. HP: 48/52 MP: 8/8
  3537 | D:4      | Found a staircase to the Ecumenical Temple.
  3552 | Temple   | Entered the Ecumenical Temple
  3702 | Temple   | Became a worshipper of Warmaster Okawaru
  4276 | D:5      | Entered Level 5 of the Dungeon
  4502 | D:5      | Reached skill level 11 in Bows
  4545 | D:5      | HP: 5/52 [black bear (12)]
  4545 | D:5      | Slain by a black bear

Vault maps used:
D:1:      lightli_arrival_maybe_door_vault
D:2:      serial_curves, eino_curves_03, eino_curves_01
D:3:      nicolae_overflow_hidden_temple
D:4:      minmay_temple_entry_purple_smoke, kennysheep_generic_room_7
D:5:      serial_shops, nicolae_shop_window_shopping, first_bread, uniq_grinder
Temple:   minmay_temple_curvy_14

Action                   |  1- 3 |  4- 6 |  7- 9 || total
-------------------------+-------+-------+-------++-------
Melee: Dagger            |   104 |    23 |       ||   127
 Fire: Shortbow          |    23 |   150 |    65 ||   238
  Use: Potion            |       |     2 |       ||     2
  Eat: Bread ration      |     1 |       |       ||     1
       Chunk             |     1 |       |       ||     1
       Beef jerky        |       |       |     1 ||     1

Vault maps used:
D:1:      lightli_arrival_maybe_door_vault
D:2:      serial_curves, eino_curves_03, eino_curves_01
D:3:      nicolae_overflow_hidden_temple
D:4:      minmay_temple_entry_purple_smoke, kennysheep_generic_room_7
D:5:      serial_shops, nicolae_shop_window_shopping, first_bread, uniq_grinder
Temple:   minmay_temple_curvy_14

Table legend:
 A = Turns spent in this place as a percentage of turns spent in the entire game.
 B = Non-inter-level travel turns spent in this place as a percentage of non-inter-level travel turns spent in the entire game.
 C = Inter-level travel turns spent in this place as a percentage of turns spent in this place.
 D = Turns resting spent in this place as a percentage of non-inter-level travel turns spent in this place.
 E = Turns spent auto-exploring this place as a percentage of non-inter-level travel turns spent in this place.
 F = Non-inter-level travel turns spent in this place divided by the number of levels of this place that you've seen.
                   A       B       C       D       E      F
               +-------+-------+-------+-------+-------+----------------------
         Total | 100.0 | 100.0 |   0.9 |   2.3 |  12.1 | 212.8
       Dungeon |  98.6 |  98.7 |   0.9 |   2.3 |  11.4 | 252.0
        Temple |   1.4 |   1.3 |   5.6 |   0.0 |  64.7 |  17.0
               +-------+-------+-------+-------+-------+----------------------

Table legend:
 A = Kills in this place as a percentage of kills in entire the game.
 B = Kills by you in this place as a percentage of kills by you in the entire game.
 C = Kills by friends in this place as a percentage of kills by friends in the entire game.
 D = Other kills in this place as a percentage of other kills in the entire game.
 E = Experience gained in this place as a percentage of experience gained in the entire game.
 F = Experience gained in this place divided by the number of levels of this place that you have seen.
                   A       B       C       D       E      F
               +-------+-------+-------+-------+-------+----------------------
         Total | 100.0 | 100.0 |  -nan |  -nan | 100.0 | 177.5
       Dungeon | 100.0 | 100.0 |  -nan |  -nan | 100.0 | 213.0
               +-------+-------+-------+-------+-------+----------------------
